 Dungeon Crawl Stone Soup version 0.28.0-43-g3370ac3207 (webtiles) character file.

Game seed: 16249009507933992024

77 issech the Cudgeller (level 4, -2/45 HPs)
             Began as a Troll Monk on Mar 23, 2022.
             Killed from afar by Sigmund (4 damage)
             ... with a puff of flame
             ... on level 2 of the Dungeon.
             The game lasted 00:04:38 (1443 turns).

issech the Cudgeller (Troll Monk)                   Turns: 1443, Time: 00:04:39

Health: -2/45      AC:  4    Str: 19    XL:     4   Next: 13%
Magic:  3/3        EV: 10    Int:  6    God:
Gold:   94         SH:  0    Dex: 14    Spells: 3/3 levels left

rFire   . . .      SeeInvis .   a - +0 mace
rCold   . . .      Faith    .   (no shield)
rNeg    . . .      Spirit   .   l - +0 animal skin
rPois   .          Reflect  .   (helmet restricted)
rElec   .          Harm     .   (no cloak)
rCorr   .          Rampage  .   (gloves unavailable)
Will    .....                   (boots unavailable)
Stlth   +.........              (no amulet)
HPRegen 0.95/turn               (no ring)
MPRegen 0.08/turn               (no ring)

@: confused
A: large, unfitting armour, claws 3, regeneration 1, shaggy fur 1, tough skin 1
a: no special abilities


You were on level 2 of the Dungeon.
You visited 1 branch of the dungeon, and saw 2 of its levels.

You collected 94 gold pieces.

Inventory:

Hand Weapons
 a - a +0 mace (weapon)
 h - a +3 dagger
Missiles
 c - 86 stones (quivered)
 m - 13 arrows
 o - 5 poisoned darts
Armour
 b - a +0 robe
 l - a +0 animal skin (worn)
Magical Staves
 d - a staff of death
Jewellery
 g - a ring of fire
Scrolls
 e - a scroll of amnesia {unknown}
 f - 3 scrolls of identify {unknown}
 j - a scroll of fear {unknown}
 k - a scroll of teleportation {unknown}
 n - a scroll of holy word {unknown}
 p - a scroll of magic mapping {unknown}
 q - a scroll of summoning {unknown}
Potions
 i - a potion of might {unknown}


   Skills:
 + Level 3.0 Fighting
 + Level 3.6 Maces & Flails
 + Level 2.9 Dodging
 + Level 1.1 Stealth


You had 3 spell levels left.
You didn't know any spells.
Your spell library was empty.

Dungeon Overview and Level Annotations

Branches:
Dungeon (2/15)

Altars:

Annotations:
D:2 Sigmund


Innate Abilities, Weirdness & Mutations

You are too large for most types of armour.
You have claws for hands.
Your natural rate of healing is unusually fast.
You are covered in fur. (AC +1)
You have tough skin. (AC +1)


Message History

You climb downwards.
Level annotation: Sigmund
There is a stone staircase leading up, spattered with blood here.
Something completely misses you.
There is a stone staircase leading up, spattered with blood here.
You hear some strange, mumbled words.
Deactivating autopickup; reactivate with Ctrl-A.
Something tries to affect you, but you resist.
You hit something but do no damage. Something hits you but does no damage.
You hit something. Something hits you!
You hit something but do no damage.
You hear some strange, mumbled words.
You are confused.
You closely miss something.
You hear some strange, mumbled words.
Something tries to affect you, but you resist.
You miss something. Something hits you.
You're too confused to move!
Something hits you!
You bump into the rock wall.
You bump into the rock wall.
Something hits you.
You bump into the rock wall.
Something hits you!
You're too confused to move!
You feel less confused.
You hit something. Something hits you!
* * * LOW HITPOINT WARNING * * *
You closely miss something. Something hits you.
* * * LOW HITPOINT WARNING * * *
You hit something. Something hits you!
* * * LOW HITPOINT WARNING * * *
There is a stone staircase leading up, spattered with blood here.
You hear some strange, mumbled words.
You are confused.
You're too confused to move!
You bump into the rock wall.
Something hits you!
* * * LOW HITPOINT WARNING * * *
You bump into the rock wall.
You hear some strange, mumbled words.
A puff of flame appears from out of thin air!
The puff of flame hits you.
You die...

#.# #.#>#
####### #.#
######.#.#
#.# #...{..#
#.# #.######
#.# #.#
####.# #w#
#....# #{#
#.#### #.#
#.# #@# #.#
#>######.
#.#
#........
#.#
#..#####.
#.# #..# .#
####)# #..#
.# #.)†.#
##..#####.#
#)####
#.........##
#.#### #.#
#.#.#####..
......


You could see a worm.

Vanquished Creatures
  Robin (D:2)
  2 adders (D:2)
  4 dart slugs
  4 giant cockroaches (D:1)
  8 goblins
  5 hobgoblins
  2 quokkas (D:2)
  3 ball pythons
  4 bats
  2 frilled lizards (D:1)
  2 kobolds
  3 rats
40 creatures vanquished.

Notes
Turn   | Place    | Note
-------+----------+-------------------------------------------
     0 | D:1      | issech the Troll Monk began the quest for the Orb.
     0 | D:1      | Reached XP level 1. HP: 22/22 MP: 0/0
   179 | D:1      | Reached XP level 2. HP: 29/29 MP: 1/1
   371 | D:1      | Found a faded altar of an unknown god.
   905 | D:2      | Reached XP level 3. HP: 30/36 MP: 2/2
   921 | D:2      | Noticed Robin
   941 | D:2      | Killed Robin
  1016 | D:2      | Noticed Sigmund
  1153 | D:2      | Reached XP level 4. HP: 45/45 MP: 3/3
  1442 | D:2      | HP: 1/45 [something (8)]
  1443 | D:2      | Killed from afar by Sigmund

Illustrated notes

Levels and vault maps discovered:
D:1:      dpeg_arrival_simpleton_a, layout_basic,
          hellmonk_ecumenical_altar_inner_sanctum
D:2:      layout_loops_ring, uniq_robin, uniq_sigmund

Skill      XL: |  1  2  3 |
---------------+----------+-----
Maces & Flails | 3 |  3.6
Fighting       | 3 |  3.0
Dodging        | |  2.9
Stealth        | |  1.1

Action                   |  1- 3 |  4- 6 || total
-------------------------+-------+-------++-------
Melee: Mace              |   111 |    20 ||   131
       Punch             |     2 |     1 ||     3
 Stab: Sleeping          |     2 |       ||     2
       Distracted        |       |     1 ||     1
Armor: Robe              |    41 |       ||    41
       Animal skin       |     7 |     7 ||    14
Dodge: Dodged            |    75 |     3 ||    78
